Unix NetHack Version 5.0.0-0 post-release - last build Jun 10 2026 00:39:30 (3ee93aec679c4c4259841fe613dc97188e26a321,branch:main).

Game began 2026-06-17 16:45:27, ended 2026-06-17 17:10:38.

DiePARTEI, neutral male human Tourist

                                 -----  ------
                                 |...|  |.%%.|
                                 |...----.0..|
                                 |..0........|
                                 |..--->---0.|
                                ---.---------|
                                |F....|<.^.^.|
                                |....0|----..|
                                |.G:00|   |.--
                                |..@00-----^|
                                |...***.....|
                                ----------..|
                                         ----

DiePARTEI the Sightseer     St:13 Dx:8 Co:17 In:11 Wi:10 Ch:18  Neutral
Dlvl:5  $:167 HP:0(45) Pw:22(22) AC:3  Xp:5 T:3672 

Latest messages:
 You miss the lizard.
 The lizard bites!
 You miss the lizard.
 You miss the lizard.
 You hit the lizard.
 You hit the lizard.
 The gnome queen throws a dart!
 The dart misses the lizard.
 You are almost hit by a dart.
 You miss the lizard.
 The gnome queen throws a dart!
 The dart hits the lizard.
 The lizard bites!
 You hit the lizard.
 The gnome queen throws 2 darts!
 The 1st dart hits the lizard.
 The 2nd dart hits the lizard.
 You miss the lizard.
 The gnome queen throws a dart!
 The dart misses the lizard.
 You are hit by a dart.
 The lizard bites!
 You miss the lizard.
 The gnome queen throws 3 darts!
 The 1st dart misses the lizard.
 You are hit by the 1st dart.
 The 2nd dart misses the lizard.
 You are hit by the 2nd dart.
 The 3rd dart misses the lizard.
 You are hit by the 3rd dart.
 The lizard bites!
 What do you want to eat? [f or ?*] f
 This cream pie is delicious!
 The gnome queen throws 2 darts!
 The 1st dart hits the lizard.
 The 2nd dart misses the lizard.
 You are hit by the 2nd dart.
 What do you want to eat? [f or ?*] f
 This cream pie is delicious!
 What do you want to wear? [EHT or ?*] E
 The gnome queen hits!
 The lizard bites!
 The lizard bites!
 The gnome queen hits!
 You die...
 Do you want your possessions identified? [ynq] (y) y
 Do you want to see your attributes? [ynq] (y) y
 Do you want an account of creatures vanquished? [ynaq] (y) y
 Do you want to see your conduct and achievements? [ynq] (y) y
 Do you want to see the dungeon overview? [ynq] (y) y

Inventory:
 Coins    ('$')
  $ - 167 gold pieces
 Armor    ('[')
  H - an uncursed +0 helm of caution
  T - an uncursed +0 pair of iron shoes
  E - an uncursed +0 plate mail (being donned)
 Spellbooks  ('+')
  p - an uncursed spellbook of protection
 Rings    ('=')
  b - an uncursed ring of polymorph control
 Tools    ('(')
  l - an uncursed credit card
  V - a +0 pick-axe (weapon in right hand)

DiePARTEI the Tourist's attributes:

Background:
 You were a Sightseer, a level 5 male human Tourist.
 You were neutral, on a mission for The Lady
 who was opposed by Blind Io (lawful) and Offler (chaotic).
 You were right-handed.
 You were in Sokoban, on level 5.
 You entered the dungeon 3672 turns ago.
 There was a new moon in effect when your adventure ended.
 You had 278 experience points, 42 more were needed to attain level 6.

Basics:
 You had 0 out of 45 hit points.
 You had all 22 energy points (spell power).
 Your armor class was 3.
 Your wallet contained 167 zorkmids.
 Autopickup was off.

Final Characteristics:
 Your strength was 13 (limit:18/100).
 Your dexterity was 8 (limit:18).
 Your constitution was 17 (limit:18).
 Your intelligence was 11 (limit:18).
 Your wisdom was 10 (limit:18).
 Your charisma was 18 (limit:18).

Final Status:
 You weren't hungry.
 You were unencumbered.
 You were wielding a pick-axe.
 You were unskilled in pick-axe.

Final Attributes:
 You were piously aligned.
 You were poison resistant.
 You were telepathic.
 You were guarded.
 Your spell casting was impaired by metallic armor.
 You were unlucky.
 You are dead.

Miscellaneous:
 You didn't encounter any bones levels.
 Total elapsed playing time was 25 minutes and 11 seconds.

Major events:
 Turn
    1: DiePARTEI the neutral male human Tourist entered the dungeon
 1597: attained the rank of Sightseer (level 3)
 3206: entered Sokoban
 3672: killed by a gnome queen, while dressing up

Spells:
 Name                 Level Category     Fail Retention
 protection             1   clerical      89%  76%-100%

Skills:
 Fighting Skills
   bare handed combat [Basic]
   two weapon combat  [Unskilled]
   riding             [Unskilled]
 Weapon Skills
   dagger             [Unskilled]
   knife              [Unskilled]
   axe                [Unskilled]
   pick-axe           [Unskilled]
   short sword        [Unskilled]
   broadsword         [Unskilled]
   long sword         [Unskilled]
   two-handed sword   [Unskilled]
   saber              [Unskilled]
   mace               [Unskilled]
   morning star       [Unskilled]
   flail              [Unskilled]
   hammer             [Unskilled]
   quarterstaff       [Unskilled]
   polearms           [Unskilled]
   spear              [Unskilled]
   trident            [Unskilled]
   lance              [Unskilled]
   bow                [Unskilled]
   sling              [Unskilled]
   crossbow           [Unskilled]
   dart               [Basic]
   shuriken           [Unskilled]
   boomerang          [Unskilled]
   whip               [Unskilled]
   unicorn horn       [Unskilled]
 Spellcasting Skills
   divination spells  [Unskilled]
   enchantment spells [Unskilled]
   escape spells      [Unskilled]

Voluntary challenges:
 Character rerolling was not enabled.
 You never genocided any monsters.
 You never polymorphed an object.
 You never changed form.
 You used no wishes.
 You violated the special Sokoban rules 5 times.
Achievements:
 You entered a shop.
 You attained the rank of Sightseer.
 You entered Sokoban.

 The Dungeons of Doom: levels 1 to 6
    Level 1:
       A grave.
    Level 2:
       A fountain, a sink, a grave.
    Level 3:
       An armor shop, some fountains.
    Level 4:
    Level 5:
       Many fountains.
    Level 6:
       Stairs up to Sokoban, level 5.
 Sokoban:
    Level 5: <- You were here.
       Unsolved.
       Final resting place for
          you, killed by a gnome queen, while dressing up.


Vanquished creatures:
  a small mimic
  a human zombie
  a water nymph
  a shrieker
  a black naga hatchling
  a floating eye
  a dwarf
  2 rothes
  a rabid rat
 an iguana
  a coyote
  2 hobbits
  4 manes
  a large kobold
  a hobgoblin
  6 giant rats
  a brown mold
  a gecko
  5 jackals
  2 foxes
  2 kobolds
  2 goblins
  3 sewer rats
  3 grid bugs
  2 bats
  5 lichens
  a kobold zombie
  4 newts
57 creatures vanquished.

No species were genocided or became extinct.

Game over:
                       ----------
                      /          \
                     /    REST    \
                    /      IN      \
                   /     PEACE      \
                  /                  \
                  |    DiePARTEI     |
                  |      167 Au      |
                  |   killed by a    |
                  |   gnome queen    |
                  |                  |
                  |                  |
                  |       2026       |
                 *|     *  *  *      | *
        _________)/\\_//(\/(/\)/\//\/|_)_______

Aloha DiePARTEI the Tourist...

You died in Sokoban on dungeon level 5 with 1527 points,
and 167 pieces of gold, after 3672 moves.
You were level 5 with a maximum of 45 hit points when you died.

